Map: 紅移 - 天梯版

Players

Snute - Winner!

  • Race: Zerg Zerg
  • Spawn Location: 11:00

Nice

  • Race: Protoss Protoss
  • Spawn Location: 7:00

Event: WCS Austin 2018

VOD

Have the link to the VOD?

Description

Time

  • Played on: June 1, 2018, 4:53 p.m.
  • Length: 12:57

All games in this series

Show
View Real Time Build Order
Export as new Build Order

Snute Zerg - Winner!

Build Orders: Hatch First 

Get SALT Encoding   

  12  0:00  Drone  
  13  0:12  Overlord  
  13  0:17  Drone  
  14  0:30  Drone x2  
  16  0:48  Hatchery  
  15  0:51  Drone  
  15  0:55  Drone  
  17  0:59  Drone  
  18  1:06  Drone, Extractor  
  18  1:17  Spawning Pool  
  17  1:20  Drone  
  18  1:28  Drone  
  19  1:39  Overlord  
  19  1:49  Drone  
  20  2:00  Drone x2  
  22  2:04  Queen  
  22  2:05  Metabolic Boost  
  22  2:08  Queen  
  24  2:13  Drone  
  24  2:15  Zergling x2  
  28  2:21  Zergling x2  
  29  2:23  Zergling x2  
  30  2:32  Drone  
  30  2:34  Drone  
  32  2:43  Drone  
  33  2:46  Hatchery  
  33  2:47  Overlord  
  32  2:52  Queen  
  32  2:54  Drone  
  32  2:57  Drone  
  36  3:04  Overlord  
  36  3:08  Drone  
  36  3:12  Drone x3  
  40  3:15  Overlord  
  40  3:17  Overlord  
  41  3:20  Drone x2  
  41  3:26  Drone  
  43  3:28  Drone  
  43  3:33  Spore Crawler  
  43  3:38  Drone x2  
  43  3:40  Spore Crawler  
  44  3:48  Drone x2  
  46  3:51  Roach Warren, Extractor  
  46  3:54  Drone  
  46  3:55  Drone x2  
  47  3:58  Drone  
  47  4:01  Drone x4  
  52  4:09  Drone  
  53  4:13  Spore Crawler, Overlord  
  53  4:14  Overlord  
  52  4:19  Extractor  
  52  4:23  Overlord  
  51  4:31  Roach x7  
  53  4:34  Roach  
  53  4:37  Roach  
  69  4:39  Zergling x2  
  69  4:44  Zergling x4  
  72  4:50  Zergling x2  
  73  4:55  Spore Crawler  
  73  4:56  Zergling x2  
  73  4:57  Zergling x6  
  73  5:01  Overlord  
  73  5:02  Drone x2  
  73  5:05  Drone  
  73  5:06  Drone x2  
  75  5:14  Drone x3  
  75  5:15  Drone x2  
  75  5:16  Drone  
  75  5:21  Lair  
  80  5:27  Drone  
  80  5:28  Drone  
  82  5:31  Queen  
  82  5:34  Drone x4  
  82  5:35  Drone  
  89  5:39  Queen  
  91  5:43  Roach  
  91  5:45  Overlord  
  91  5:48  Overlord  
  92  5:52  Roach x2  
  92  5:54  Overlord, Ravager  
  97  6:00  Overlord  
  97  6:04  Zergling x12  
  91  6:19  Zergling x12  
  97  6:27  Zergling x6  
  97  6:28  Queen x2  
  102  6:42  Zergling x12  
  102  6:46  Drone x2  
  102  6:47  Drone  
  108  6:48  Queen  
  103  6:59  Spore Crawler  
  101  7:02  Drone x3  
  101  7:03  Queen x2  
  108  7:14  Drone x3  
  111  7:16  Drone  
  111  7:18  Drone  
  111  7:19  Drone  
  111  7:21  Infestation Pit  
  111  7:22  Evolution Chamber, Extractor  
  111  7:23  Queen, Extractor  
  111  7:25  Evolution Chamber  
  111  7:26  Extractor  
  111  7:27  Drone  
  111  7:28  Drone x3  
  114  7:31  Drone  
  114  7:35  Overlord  
  113  7:39  Queen  
  115  7:44  Drone x4  
  115  7:48  Drone x3  
  115  7:49  Zerg Ground Armor Level 1  
  121  7:53  Queen  
  121  7:57  Drone x5  
  128  7:59  Queen  
  128  8:03  Pathogen Glands  
  128  8:05  Glial Reconstitution  
  130  8:10  Hydralisk Den  
  129  8:15  Spore Crawler, Drone x2  
  129  8:16  Spore Crawler, Drone  
  128  8:40  Grooved Spines  
  128  8:42  Overlord x4  
  128  8:57  Overlord x2  
  128  8:59  Neural Parasite  
  128  9:01  Hatchery, Infestor x3  
  128  9:02  Infestor x4  
  140  9:09  Hive  
  140  9:13  Hydralisk x3  
  146  9:18  Zerg Missile Weapons Level 1  
  146  9:31  Hydralisk x5  
  146  9:32  Hydralisk  
  158  9:41  Hatchery  
  158  9:42  Hydralisk x3  
  164  9:47  Overlord x4  
  164  9:53  Muscular Augments  
  164  10:04  Extractor  
  164  10:05  Spore Crawler  
  162  10:08  Spore Crawler, Extractor  
  162  10:10  Roach  
  162  10:11  Roach x13  
  188  10:14  Spore Crawler  
  168  10:43  Hydralisk x4  
  175  10:53  Viper  
  175  10:54  Viper  
  176  11:08  Roach  
  176  11:09  Roach x5  
  176  11:11  Roach x6  
  200  11:15  Hatchery  
  199  11:18  Overlord  
  199  11:19  Overlord x4  
  199  11:26  Burrow  
  154  11:47  Viper  
  154  11:48  Viper x2  
  157  11:58  Roach x9  
  155  12:04  Roach x4  
  155  12:05  Roach  
  165  12:16  Hatchery  
  154  12:32  Extractor  
  154  12:34  Extractor  
  154  12:35  Roach x5  
Show
View Real Time Build Order
Export as new Build Order

Nice Protoss 

Build Orders: 1 Gate Expand, Mass Adepts 

Get SALT Encoding   

  12  0:00  Probe  
  13  0:12  Probe  
  14  0:20  Pylon  
  14  0:24  Probe  
  15  0:35  Probe  
  15  0:39  Gateway  
  16  0:43  Probe  
  16  0:49  Assimilator  
  17  0:53  Probe  
  18  1:05  Probe  
  19  1:17  Probe  
  20  1:24  Nexus  
  20  1:34  Cybernetics Core  
  20  1:37  Probe  
  21  1:45  Assimilator  
  21  1:49  Probe  
  21  1:53  Pylon  
  22  2:01  Probe  
  23  2:02  Adept  
  23  2:12  Warp Gate  
  23  2:13  Probe  
  26  2:20  Stalker  
  26  2:25  Probe  
  29  2:37  Probe x2  
  29  2:39  Twilight Council  
  31  2:48  Adept  
  31  2:49  Probe x2  
  35  2:54  Resonating Glaives  
  35  3:01  Probe  
  35  3:03  Pylon  
  35  3:04  Probe  
  37  3:15  Adept  
  37  3:18  Probe  
  37  3:19  Probe  
  41  3:23  Gateway  
  41  3:29  Gateway  
  41  3:30  Probe  
  41  3:31  Probe  
  43  3:39  Pylon, Probe  
  43  3:43  Probe  
  43  3:47  Probe  
  45  3:50  Adept  
  45  3:54  Assimilator  
  45  3:55  Probe  
  49  3:56  Assimilator  
  49  3:57  Probe  
  50  4:05  Stargate  
  50  4:07  Stargate  
  50  4:08  Probe  
  50  4:09  Probe  
  52  4:21  Pylon  
  52  4:24  Adept x2  
  54  4:25  Adept  
  54  4:26  Probe  
  54  4:27  Probe  
  60  4:33  Pylon  
  60  4:38  Probe  
  60  4:39  Probe  
  60  4:44  Adept x2  
  60  4:45  Adept  
  68  4:46  Void Ray  
  68  4:49  Pylon  
  68  4:56  Void Ray  
  72  5:14  Adept x3  
  78  5:28  Void Ray x2  
  78  5:29  Pylon  
  78  5:31  Pylon  
  86  5:49  Adept x2  
  90  6:09  Void Ray  
  88  6:11  Void Ray  
  84  6:28  Nexus  
  84  6:30  Probe x2  
  80  6:35  Adept x3  
  84  6:42  Probe x2  
  84  6:44  Shield Battery  
  84  6:45  Shield Battery  
  86  6:47  Void Ray  
  86  6:52  Gateway  
  76  6:54  Void Ray  
  76  6:59  Adept  
  76  7:00  Adept  
  86  7:15  Probe x2  
  83  7:20  Robotics Facility, Void Ray  
  83  7:22  Robotics Facility  
  84  7:27  Probe  
  85  7:30  Forge  
  89  7:42  Adept x3  
  95  7:46  Probe x3  
  102  7:56  Assimilator  
  102  7:58  Assimilator, Probe x3  
  105  8:01  Pylon  
  105  8:05  Immortal, Protoss Ground Weapons Level 1, Pylon  
  105  8:09  Observer  
  114  8:15  Probe x2  
  114  8:16  Probe  
  114  8:17  Robotics Bay  
  109  8:27  Probe  
  109  8:32  Immortal  
  114  8:36  Immortal  
  114  8:43  Pylon  
  114  8:44  Pylon  
  114  8:45  Photon Cannon  
  114  8:46  Pylon  
  114  8:48  Adept  
  120  8:59  Gateway  
  120  9:00  Gateway, Extended Thermal Lance  
  120  9:02  Gateway  
  120  9:05  Twilight Council, Pylon x2  
  120  9:06  Colossus  
  120  9:07  Pylon  
  120  9:10  Colossus  
  126  9:22  Sentry  
  134  9:35  Gateway  
  134  9:38  Gateway  
  134  9:41  Pylon  
  134  9:43  Pylon  
  134  9:50  Charge, Pylon  
  134  9:54  Adept  
  134  9:55  Colossus  
  136  10:00  Nexus  
  136  10:02  Protoss Ground Weapons Level 2  
  136  10:04  Colossus  
  144  10:16  Zealot x4  
  141  10:40  Warp Prism  
  141  10:43  Zealot x3  
  141  10:44  Zealot x2  
  150  10:51  Pylon  
  150  10:58  Zealot, Templar Archives  
  150  11:02  Observer  
  150  11:03  Nexus  
  152  11:12  Zealot  
  152  11:13  Zealot x4  
  162  11:21  Sentry x2  
  162  11:22  Sentry  
  168  11:37  Zealot x4  
  98  11:55  Zealot x4  
  100  12:03  High Templar x4  
  100  12:07  Archon  
  100  12:08  Archon  
  106  12:15  High Templar x3  
  108  12:16  High Templar  
  108  12:19  Archon  
  108  12:20  Archon  
  101  12:38  Zealot  
  101  12:39  Zealot x3  
  107  12:50  Zealot  
  107  12:51  Zealot x3  
Tags
 
Add a new tag
Caveats
  • Supply blocks, unpowered buildings, or Contaminate may cause inaccurate times.
  • Supply counts are checked every 10 seconds.